 Dungeon Crawl Stone Soup version 0.31-a0-844-gdc52ec4e09 (webtiles) character file.

Game seed: 8364200537432675076

5315 Dirtsage the Cleaver (level 10, -20/105 HPs)
             Began as a Demonspawn Berserker on Sept 28, 2023.
             Was an Elder of Trog.
             Demolished by a two-headed ogre
             ... wielding a +0 giant spiked club
              (27 damage)
             ... on level 9 of the Dungeon.
             The game lasted 00:11:16 (7208 turns).

Dirtsage the Cleaver (Demonspawn Berserker)         Turns: 7208, Time: 00:11:16

Health: -20/105    AC: 12    Str: 22    XL:     10   Next: 37%
Magic:  1/10       EV: 15    Int:  8    God:    Trog [****..]
Gold:   487        SH:  0    Dex: 13    Spells: 9/9 levels left

rFire   + . .        D - +0 war axe
rCold   . . .        (no shield)
rNeg    . . .        p - +1 scale mail {rPois}
rPois   +            (no helmet)
rElec   .            e - +2 cloak
rCorr   .            (gloves unavailable)
SInv    .            (no boots)
Will    .....        (no amulet) Stlth
                     F - ring of protection from fire
HPRegen 0.37/turn    v - +4 ring of slaying
MPRegen 0.12/turn

%: no passive effects
@: agile, berserking, very quick
A: yellow scales 1, powered by pain 2, demonic touch 3
a: Renounce Religion, Berserk, Trog's Hand, Brothers in Arms


You were on level 9 of the Dungeon.
You worshipped Trog.
Trog was greatly pleased with you.
You visited 1 branch of the dungeon, and saw 9 of its levels.
You also visited: Sewer.

You collected 487 gold pieces.

Inventory:

Hand Weapons
 D - a +0 war axe (weapon)
Missiles
 w - 3 throwing nets
 G - a curare-tipped dart
Armour
 e - a +2 cloak (worn)
 p - a +1 scale mail of poison resistance (worn)
Jewellery
 a - a ring of fire
 v - a +4 ring of slaying (right hand)
 F - a ring of protection from fire (left hand)
 I - a ring of protection from cold
Wands
 x - a wand of charming (8)
 H - a wand of quicksilver (15)
Scrolls
 b - a scroll of teleportation {unknown}
 d - 2 scrolls of enchant armour {unknown}
 f - 2 scrolls of amnesia {unknown}
 g - 6 scrolls of fear
 i - 3 scrolls of identify
 j - 2 scrolls of torment {unknown}
 m - 3 scrolls of summoning
 y - a scroll of enchant weapon {unknown}
 z - a scroll of vulnerability {unknown}
 B - 2 scrolls of blinking
 C - 2 scrolls of immolation {unknown}
 E - a scroll of poison {unknown}
Potions
 c - 2 potions of ambrosia
 h - 3 potions of haste
 k - 4 potions of enlightenment
 l - 5 potions of heal wounds
 n - 2 potions of mutation {unknown}
 o - 2 potions of brilliance {unknown}
 q - 7 potions of curing
 r - a potion of lignification
 s - a potion of might {unknown}
 t - 4 potions of attraction {unknown}
 u - a potion of degeneration {unknown}
 A - 2 potions of cancellation {unknown}


   Skills:
 - Level 3.0 Fighting
 + Level 14.3 Axes
 - Level 1.7 Armour
 - Level 1.7 Dodging


You had 9 spell levels left.
You didn't know any spells.
Your spell library contained the following spells:

 Spells                   Type           Power      Damage    Failure   Level
 Ignite Poison            Fire/Tmut/Pois 0%         N/A       98%         3
 Sticky Flame             Conj/Fire      0%         2d3       100%        4
 Ignition                 Fire           0%         3d3       100%        8


Dungeon Overview and Level Annotations

Branches:
Dungeon (9/15)             Temple (0/1) D:4           Sewer (visited)
   Lair: D:8-11         Orc: D:9-12

Altars:
Dithmenos
Nemelex Xobeh
Sif Muna
Uskayaw

Shops:
D:4 *=

Annotations:
D:3 1 runed translucent door
D:4 1 exclusion
D:9 1 runed translucent door, Domino's ghost, novice MiBe


Innate Abilities, Weirdness & Mutations

You are partially covered in yellow scales. (AC +2)
You sometimes gain power by taking damage.
Your touch may irresistibly damage your foes and sap their willpower.


Message History

No target in view!
No target in view!
A centaur comes into view.
You regained 3 hp, and now have 67/70 hp.
The centaur shouts!
The centaur wields a +1 antimagic orcbow.
The centaur shoots an arrow.
The arrow hits you.
You feel your power leaking away.
A two-headed ogre comes into view.
It is wielding two +0 giant spiked clubs.
You take 4 damage, and have 63/70 hp.
You now have 9/10 mp.
The centaur shoots an arrow.
The arrow hits you.
You feel your power leaking away.
The centaur shoots an arrow.
The arrow hits you.
Things that are here:
a +0 mace; a +0 robe You take 6 damage, and have 58/70 hp.
You now have 8/10 mp.
You slash the two-headed ogre!
The two-headed ogre is lightly wounded.
The centaur shoots an arrow.
The arrow hits you.
You feel your power leaking away.
The two-headed ogre hits you with a +0 giant spiked club!!
You focus on the pain.
You feel agile all of a sudden.
The two-headed ogre hits you with a +0 giant spiked club!!
* * * LOW HITPOINT WARNING * * *
You focus on the pain.
You feel more agile all of a sudden.
You take 51 damage, and have 7/70 hp.
MASSIVE DAMAGE!!
You now have 3/10 mp.
You are too injured to fight recklessly!
You are too injured to fight recklessly!
A red film seems to cover your vision as you go berserk!
You feel yourself moving faster!
You feel mighty!
The centaur shoots an arrow.
The arrow hits you.
* * * LOW HITPOINT WARNING * * *
You feel your power leaking away.
You now have 6/105 hp.
You slash the two-headed ogre!
The two-headed ogre is heavily wounded.
The two-headed ogre hits you with a +0 giant spiked club!!
You die...

....... ##...# .......
##....# ....... ##.....#
......c#### #......#
..[.......####.....##
...........##...##..#
..........)...(####.##
..........#....####..# #
.......@#.####..#...####
....~~.O##.# #..#.......
...~[.~.# .# #.##.......
~..~..~~~ ## #.........)
.~..~..~~ .^..........
.~⌠.~...~~ .............
.⌠~..~..~~#.....#.......
..~..~..~~#.............
# .............


You could see a two-headed ogre and a centaur.

Vanquished Creatures
  A two-headed ogre (D:9)
  Prince Ribbit (D:6)
  Sigmund (D:6)
  3 yaks (D:6)
  A wyvern (D:8)
  A steam dragon (D:7)
  A water moccasin (D:8)
  5 orc warriors
  A sky beast (D:6)
  A black bear (D:6)
  3 ice beasts
  4 ogres
  A centaur (D:7)
  2 kobold brigands (D:8)
  4 bullfrogs
  Blork the orc (D:5)
  2 gnoll sergeants
  3 scorpions
  A wight (D:9)
  5 killer bees (D:8)
  The ghost of WhatIsLove the Magician, a weakling DjFE (D:3)
  A howler monkey (D:5)
  3 jellies
  6 hounds
  4 orc priests
  4 iguanas
  10 orc wizards
  A hell rat (Sewer)
  9 gnolls
  4 river rats
  11 adders
  A white imp (D:6)
  3 worms
  2 dart slugs (D:2)
  27 orcs
  6 ball pythons
  6 endoplasms
  5 giant cockroaches
  12 goblins
  3 hobgoblins
  4 jackals (D:4)
  A quokka (D:5)
  3 bats
  2 frilled lizards (D:2)
  16 kobolds
  12 rats
199 creatures vanquished.

Notes
Turn   | Place    | Note
-------+----------+-------------------------------------------
     0 | D:1      | Dirtsage the Demonspawn Berserker began the quest for the
                  | Orb.
     0 | D:1      | Reached XP level 1. HP: 18/18 MP: 1/1
    79 | D:1      | Reached skill level 3 in Axes
   116 | D:1      | Gained mutation: You are partially covered in yellow
                  | scales. (AC +2) [demonic ancestry]
   116 | D:1      | Reached XP level 2. HP: 23/24 MP: 2/2
   116 | D:1      | Saving game... please wait.
   424 | D:1      | Reached ** piety under Trog
   748 | D:2      | Gained mutation: Your touch may inflict minor irresistible
                  | damage on your foes. [demonic ancestry]
   748 | D:2      | Reached XP level 3. HP: 29/29 MP: 3/3
   865 | D:2      | Reached skill level 4 in Axes
  1222 | D:2      | Reached XP level 4. HP: 35/35 MP: 4/4
  1475 | D:3      | Found a runed translucent door.
  1487 | D:3      | Noticed WhatIsLove's ghost (weakling DjFE)
  1723 | D:3      | Found a runed translucent door.
  1732 | D:3      | Killed WhatIsLove's ghost
  1733 | D:3      | Reached skill level 5 in Axes
  1733 | D:3      | Reached XP level 5. HP: 41/41 MP: 5/5
  2113 | D:4      | Noticed an ogre
  2121 | D:4      | Killed an ogre
  2122 | D:4      | Reached skill level 6 in Axes
  2122 | D:4      | Gained mutation: Your touch may inflict irresistible damage
                  | on your foes. [demonic ancestry]
  2122 | D:4      | Reached XP level 6. HP: 47/47 MP: 6/6
  2267 | D:4      | Found Panopick's Jewellery Emporium.
  2289 | D:4      | Found a shimmering blue altar of Sif Muna.
  2431 | D:4      | Found Zin's Purification Station.
  2436 | D:4      | Found a staircase to the Ecumenical Temple.
  2583 | D:5      | Entered Level 5 of the Dungeon
  2593 | D:5      | Reached skill level 7 in Axes
  2724 | D:5      | Gained mutation: You sometimes gain a little power by
                  | taking damage. [demonic ancestry]
  2724 | D:5      | Reached XP level 7. HP: 52/52 MP: 7/7
  2966 | D:5      | Noticed Blork the orc
  2972 | D:5      | Killed Blork the orc
  2973 | D:5      | Reached skill level 8 in Axes
  3096 | D:5      | Reached *** piety under Trog
  3110 | D:5      | Found a glowing drain.
  3126 | Sewer    | Entered a sewer
  3361 | D:5      | Found a shadowy altar of Dithmenos.
  3688 | D:6      | Reached skill level 9 in Axes
  3688 | D:6      | Gained mutation: Your touch may irresistibly damage your
                  | foes and sap their willpower. [demonic ancestry]
  3688 | D:6      | Reached XP level 8. HP: 58/58 MP: 8/8
  3741 | D:6      | Noticed Prince Ribbit
  3758 | D:6      | Killed Prince Ribbit
  3759 | D:6      | Reached skill level 10 in Axes
  3871 | D:6      | Noticed Sigmund
  3879 | D:6      | Killed Sigmund
  4041 | D:6      | Reached skill level 11 in Axes
  4249 | D:6      | Gained mutation: You sometimes gain power by taking damage.
                  | [demonic ancestry]
  4249 | D:6      | Reached XP level 9. HP: 63/63 MP: 9/9
  4305 | D:6      | Reached **** piety under Trog
  4306 | D:6      | Reached skill level 12 in Axes
  5821 | D:8      | Reached skill level 13 in Axes
  6139 | D:8      | Reached XP level 10. HP: 25/70 MP: 10/10
  6465 | D:8      | Found a hide-covered altar of Uskayaw.
  6639 | D:8      | Found a sparkling altar of Nemelex Xobeh.
  7035 | D:9      | Identified the +3 trident "Qinwiq" {antimagic, *Slow rPois
                  | Str+2 Dex+3}
  7040 | D:9      | Found a runed translucent door.
  7041 | D:9      | Noticed Domino's ghost (novice MiBe)
  7122 | D:9      | Noticed a two-headed ogre
  7129 | D:9      | Killed a two-headed ogre
  7130 | D:9      | Reached skill level 14 in Axes
  7203 | D:9      | Noticed a two-headed ogre
  7208 | D:9      | Demolished by a two-headed ogre

Illustrated notes

Levels and vault maps discovered:
D:1:      lemuel_arrival_river_passageway, layout_loops_ring
D:2:      layout_rooms
D:3:      layout_basic, ebering_ghost_sewer_f
D:4:      layout_rooms, tgw_sif, zin_purify, minmay_temple_entry_trees,
          serial_shops, shop_fountains
D:5:      layout_basic, kennysheep_mini, portal_sewer_entry_e,
          uniq_blork_the_orc
D:6:      layout_loops_ring, grunt_potential, uniq_sigmund, uniq_prince_ribbit1
D:7:      layout_basic
D:8:      layout_basic, mainiacjoe_overflow_catch_the_wave, minivault_23,
          nicolae_kite_square_tiling_tiny, nicolae_underground_beach
D:9:      cheibrodos_helix_gallery, layout_cave_pools,
          nicolae_tso_swordbearing_angel, ebering_ghost_funeral_grove,
          uniq_psyche

Skill      XL: |  1  2  3  4  5  6  7  8  9 10 |
---------------+-------------------------------+-----
Axes           | 3 4 5 6 7 9 11 13 14 | 14.3
Fighting       | |  3.0
Armour         | |  1.7
Dodging        | |  1.7

Action                     |  1- 3 |  4- 6 |  7- 9 | 10-12 || total
---------------------------+-------+-------+-------+-------++-------
  Melee: Hand axe          |    89 |    90 |   175 |       ||   354
         Touch             |     5 |    12 |    49 |    11 ||    77
         Punch             |       |       |     2 |       ||     2
         War axe           |       |       |    68 |    64 ||   132
 Invoke: Berserk           |     1 |     3 |     8 |     5 ||    17
         Trog's Hand       |       |       |     1 |       ||     1
  Evoke: Wand              |       |       |     1 |       ||     1
    Use: Scroll            |       |       |     8 |       ||     8
   Stab: Sleeping          |     1 |       |       |       ||     1
 Armour: Animal skin       |    30 |       |       |       ||    30
         Plate armour      |    40 |    15 |       |       ||    55
         Scale mail        |       |    42 |   151 |    35 ||   228
  Dodge: Dodged            |    39 |    53 |    90 |    23 ||   205

Table legend: (Time is in decaauts)
 A = Elapsed time spent in this place.
 B = Non-inter-level travel time spent in this place.
 C = Inter-level travel time spent in this place.
 D = Time resting spent in this place.
 E = Time spent auto-exploring this place.
 F = Levels seen in this place.
 G = Mean time per level.
                   A        B        C        D        E       F      G
               +--------+--------+--------+--------+--------+-----+--------+
         Total |   7314 |   7182 |    132 |    876 |   5330 |  10 |  731.4 |
       Dungeon |   7186 |   7054 |    132 |    876 |   5235 |   9 |  798.4 |
         Sewer |    127 |    127 |      0 |      0 |     95 |   1 |  127.0 |
               +--------+--------+--------+--------+--------+-----+--------+

Top non-repeatable levels by time:
     D:7: 1064 daAuts
     D:8: 1035 daAuts
     D:5: 997 daAuts
     D:6: 964 daAuts
     D:3: 758 daAuts
     D:1: 733 daAuts
     D:2: 659 daAuts
     D:9: 493 daAuts
     D:4: 479 daAuts
   Sewer: 127 daAuts
